 Dungeon Crawl Stone Soup version 0.19.1 (webtiles) character file.

114690 graki42 the Eclecticist (level 16, -9/81 HPs)
             Began as a Deep Elf Fire Elementalist on Dec 27, 2016.
             Was the Champion of Vehumet.
             Mangled by a wolf spider (11 damage)
             ... on level 4 of the Spider Nest.
             The game lasted 03:01:55 (36745 turns).

graki42 the Eclecticist (DEFE)                     Turns: 36745, Time: 03:01:56

Health: -9/81      AC:  9    Str:  8    XL:     16   Next: 16%
Magic:  13/41      EV: 17    Int: 25    God:    Vehumet [******]
Gold:   1073       SH:  6    Dex: 21    Spells: 6 memorised, 30 levels left

rFire  + + .     SeeInvis +     x - +0 blowgun
rCold  + . .     Gourm    +     G - +2 robe of the Loofah {rPois rC+ Dex+3 Stlth-}
rNeg   . . .     Faith    .     V - +1 buckler {rC+}
rPois  +         Spirit   .     a - +0 helmet of Donue {*Drain rElec rCorr Dex+3}
rElec  +         Reflect  .     p - +1 cloak
rCorr  +         Harm     .     (no gloves)
MR     +....                    e - +1 pair of boots
Stlth  +++.......               Q - amulet of the gourmand
                                u - ring of fire
                                z - ring of see invisible

@: invisible
A: fire resistance 1, sense surroundings 1, slow regeneration 1
a: Renounce Religion


You were on level 4 of the Spider Nest.
You worshipped Vehumet.
Vehumet was exalted by your worship.
You were not hungry.

You visited 4 branches of the dungeon, and saw 25 of its levels.
You also visited: Sewer.

You collected 2210 gold pieces.
You spent 1137 gold pieces at shops.

Inventory:

Hand Weapons
 f - a +1 short sword of electrocution
 x - a +0 blowgun (weapon)
Missiles
 j - 3 throwing nets
 t - 19 curare-tipped needles (quivered)
Armour
 a - the +0 helmet of Donue (worn) {*Drain rElec rCorr Dex+3}
   (You took it off Robin on level 4 of the Dungeon)

   It affects your dexterity (+3).
   It insulates you from electricity.
   It protects you from acid and corrosion.
   It causes draining when unequipped.
 e - a +1 pair of boots (worn)
 p - a +1 cloak (worn)
 G - the +2 robe of the Loofah (worn) {rPois rC+ Dex+3 Stlth-}
   (You found it on level 6 of the Lair of Beasts)

   It affects your dexterity (+3).
   It protects you from cold.
   It protects you from poison.
   It makes you less stealthy.
 O - a +2 robe of magic resistance
 V - a +1 buckler of cold resistance (worn)
Jewellery
 b - the ring of Robustness {AC+8}
   (You found it on level 1 of the Lair of Beasts)

   [ring of protection]

   It affects your AC (+8).
 u - a ring of fire (right hand)
 z - a ring of see invisible (left hand)
 H - an uncursed ring of flight
 L - an uncursed ring of positive energy
 Q - an amulet of the gourmand (around neck)
 S - a +5 amulet of reflection
Wands
 l - a wand of paralysis (13/24)
 w - a wand of acid (8/15)
 J - a wand of disintegration (16/24)
 K - a wand of polymorph (11/24)
Scrolls
 h - a scroll of enchant armour
 i - 9 scrolls of remove curse
 n - a scroll of acquirement
 v - 6 scrolls of magic mapping
 y - 2 scrolls of identify
 B - a scroll of fog
 F - a scroll of teleportation
 P - a scroll of immolation
Potions
 g - 2 potions of heal wounds
 k - a potion of berserk rage
 m - 4 potions of haste
 o - 8 potions of curing
 q - a potion of might
 r - 3 potions of brilliance
 s - a potion of ambrosia
 D - 3 potions of resistance
 I - a potion of flight
Books
 A - a book of Necromancy

   Spells                             Type                      Level
   a - Pain                           Necromancy                   1
   b - Animate Skeleton               Necromancy                   1
   c - Vampiric Draining              Necromancy                   3
   d - Regeneration                   Charms/Necromancy            3
   e - Animate Dead                   Necromancy                   4
   f - Control Undead                 Necromancy                   4
 C - a book of Unlife

   Spells                             Type                      Level
   a - Recall                         Summoning/Translocation      3
   b - Animate Dead                   Necromancy                   4
   c - Control Undead                 Necromancy                   4
   d - Cigotuvi's Embrace             Necromancy                   5
   e - Death Channel                  Necromancy                   6
   f - Simulacrum                     Ice/Necromancy               6
Miscellaneous
 d - a fan of gales
 N - a lamp of fire
 R - a box of beasts
Comestibles
 c - 12 bread rations
 M - 4 fruits


   Skills:
 + Level 2.6 Fighting
 + Level 2.2 Short Blades
 + Level 2.6 Throwing
 + Level 6.7 Dodging
 + Level 6.1 Stealth
 + Level 1.4 Shields
 + Level 19.5 Spellcasting
 + Level 15.2 Conjurations
 + Level 4.1 Hexes
   Level 6.8 Transmutations
 + Level 14.1 Fire Magic
 + Level 10.9 Earth Magic
 * Level 5.1 Evocations


You had 30 spell levels left.
You knew the following spells:

 Your Spells              Type           Power        Failure   Level  Hunger
a - Stone Arrow           Conj/Erth      ######       1%          3    None
b - Conjure Flame         Conj/Fire      #######.     1%          3    None
c - Inner Flame           Hex/Fire       #######.     1%          3    None
d - Sticky Flame          Conj/Fire      #######.     1%          4    None
e - Fireball              Conj/Fire      #######...   1%          5    None
f - Bolt of Fire          Conj/Fire      #######...   1%          6    ###....


Dungeon Overview and Level Annotations

Branches:
Dungeon (13/15)            Temple (0/1) D:7            Lair (6/6) D:10
 Shoals (0/4) Lair:2       Spider (4/4) Lair:3        Slime (0/5) Lair:6
    Orc (2/2) D:11            Elf (0/3) Orc:2
 Vaults: D:13-14

Altars:
Ashenzari
Dithmenos
Elyvilon
Gozag
Kikubaaqudgha
Nemelex Xobeh
Sif Muna
Trog
Uskayaw
Vehumet
Xom
Yredelemnul
Beogh

Shops:
D:4 *   D:7 *   D:10 (   Orc:2 ([*=


Innate Abilities, Weirdness & Mutations

Your flesh is heat resistant. (rF+)
You passively map a small area around you.
You regenerate slowly when monsters are visible.


Message History

You feel much better. The wolf spider closely misses you. x2
Casting: Stone Arrow
Confirm with . or Enter, or press ? or * to list all spells.
Aiming: Stone Arrow
Press: ? - help, Shift-Dir - straight line, f - wolf spider
Aim: a wolf spider (clinging)
The stone arrow hits the wolf spider.
The wolf spider is moderately wounded.
The wolf spider barely misses you. x2; The wolf spider hits you!!
* * * LOW HITPOINT WARNING * * *
The wolf spider closely misses you.
Okay, then.
Press: ? - help, v - describe, . - travel
Here: a wolf spider (moderately wounded, clinging)
The floor.
You fade into invisibility!
The wolf spider hits you!
* * * LOW HITPOINT WARNING * * *
The wolf spider bites you!
You die...

######.##.## , ,
..#^.......## #. ,*
......#..#..## .##
*
....######...##..##
^..## ###..#...#
#### ##...##..###
.# #..####^...# ##
##.†^##s.^.## #
#...##@§$..#
#..##..#...#
##.....#*.##
##..###* # ####


You could see a wolf spider.

Vanquished Creatures
  A ghost moth (Spider:2)
  An orc warlord (Orc:2)
  3 emperor scorpions
  2 entropy weavers
  Fannar (Orc:1)
  3 catoblepae (Lair:6)
  5 hydras
  A centaur warrior (D:13)
  A death knight (D:12)
  12 death yaks
  4 orc high priests (Orc:2)
  Urug (Lair:5)
  Sonja (D:10)
  The ghost of Brusher the Magician, a novice OpFE (D:7)
  A phantasmal warrior (D:12)
  4 orc knights
  4 hill giants
  12 orb spiders
  Pikel (D:7)
  7 oklob plants
  22 wolf spiders
  2 ugly things
  3 orc sorcerers (Orc:2)
  A cyclops (D:11)
  2 manticores (D:11)
  Maurice (D:10)
  2 black mambas
  2 moths of wrath
  5 elephants (Lair:5)
  Joseph (D:7)
  2 gargoyles
  18 spiny frogs
  3 kobold demonologists (D:11)
  4 rime drakes
  2 freezing wraiths (D:12)
  11 demonic crawlers
  28 jumping spiders
  5 komodo dragons
  A merfolk (D:11)
  3 two-headed ogres
  3 polar bears (Lair:5)
  4 trolls
  4 hornets
  8 hippogriffs
  9 blink frogs
  Grinder (D:4)
  A shadow (D:13)
  Sigmund (D:2)
  56 redbacks
  33 yaks
  30 tarantellas
  5 wyverns
  4 basilisks
  2 wraiths
  A hungry ghost (D:9)
  Menkaure (D:7)
  The ghost of KingCrawl the Conjurer, an amateur DsCj (D:4)
  A warg (Orc:2)
  7 water moccasins
  8 porcupines
  31 orc warriors
  5 ice beasts
  3 black bears
  A hornet zombie (D:10)
  3 slaves (D:7)
  2 eyes of draining
  2 phantoms (D:4)
  7 ogres
  A necrophage (D:9)
  5 sky beasts
  20 wolves
  10 centaurs
  8 crocodiles
  7 big kobolds
  18 bullfrogs
  A water moccasin zombie (D:7)
  A wyvern skeleton (D:11)
  A scorpion (D:7)
  10 killer bees (D:10)
  7 wights
  11 howler monkeys
  3 electric eels
  8 crimson imps
  A bullfrog zombie (D:8)
  2 quasits
  6 hounds
  3 jellies
  23 orc priests
  2 centaur skeletons
  4 bullfrog skeletons
  An iguana (D:1)
  42 orc wizards
  7 worker ants
  A hound skeleton (D:4)
  A hound zombie (D:11)
  Robin (D:4)
  8 gnolls
  A howler monkey skeleton (D:7)
  8 river rats
  21 adders
  7 shadow imps
  3 oozes
  2 adder zombies (D:8)
  2 adder skeletons
  4 worms
  2 dart slugs
  3 leopard geckos
  88 orcs
  9 bats
  6 giant cockroaches
  18 goblins
  8 hobgoblins
  2 jackals (D:7)
  30 kobolds
  4 quokkas
  5 ball pythons
  4 frilled lizards
  27 rats
  A fungus (Lair:2)
  3 plants
889 creatures vanquished.

Vanquished Creatures (others)
  4 fungi
  12 plants
16 creatures vanquished.

Grand Total: 905 creatures vanquished

Notes
Turn   | Place    | Note
-------+----------+-------------------------------------------
     0 | D:1      | graki42 the Deep Elf Fire Elementalist began the quest for the Orb.
     0 | D:1      | Reached XP level 1. HP: 10/10 MP: 6/6
   174 | D:1      | Reached XP level 2. HP: 13/15 MP: 5/8
   719 | D:2      | Reached XP level 3. HP: 16/19 MP: 3/9
   932 | D:2      | Learned a level 3 spell: Conjure Flame
   936 | D:2      | Learned a level 3 spell: Inner Flame
   984 | D:2      | Gained mutation: Your mind is acute. (Int +2) [potion of mutation]
   984 | D:2      | Gained mutation: Your system is resistant to poisons. (rPois) [potion of mutation]
   984 | D:2      | Gained mutation: You are occasionally teleported next to monsters. [potion of mutation]
  1155 | D:2      | Found a basalt altar of Yredelemnul.
  1160 | D:2      | Reached XP level 4. HP: 24/24 MP: 8/11
  1190 | D:2      | Noticed Sigmund
  1419 | D:3      | Found a shadowy altar of Dithmenos.
  1423 | D:3      | Found a deep blue altar of Sif Muna.
  1423 | D:3      | Found a hide-covered altar of Uskayaw.
  1423 | D:3      | Found an opulent altar of Gozag.
  1452 | D:3      | Reached skill level 4 in Spellcasting
  1648 | D:3      | Reached XP level 5. HP: 14/28 MP: 2/13
  2062 | D:2      | Found a shimmering altar of Xom.
  2201 | D:3      | Reached skill level 5 in Fire Magic
  2569 | D:3      | Learned a level 4 spell: Sticky Flame
  2803 | D:2      | Killed Sigmund
  2803 | D:2      | Reached skill level 5 in Spellcasting
  2803 | D:2      | Reached XP level 6. HP: 11/33 MP: 5/16
  3105 | D:4      | Noticed Robin
  3111 | D:4      | Killed Robin
  3266 | D:4      | Reached XP level 7. HP: 37/37 MP: 11/17
  3402 | D:4      | Noticed KingCrawl's ghost (amateur DsCj)
  3414 | D:4      | Killed KingCrawl's ghost
  3414 | D:4      | Reached skill level 6 in Spellcasting
  3612 | D:4      | Found Lirr's Assorted Antiques.
  3617 | D:4      | Bought a purple potion for 16 gold pieces
  3617 | D:4      | Bought a scroll labeled AWUBUL OSTRERE for 18 gold pieces
  3617 | D:4      | Bought a scroll labeled AWUBUL OSTRERE for 18 gold pieces
  3617 | D:4      | Bought a scroll labeled ANECYLIUCI for 18 gold pieces
  3617 | D:4      | Bought a fizzy blue potion for 16 gold pieces
  3617 | D:4      | Bought a runed robe for 120 gold pieces
  3852 | D:4      | Noticed Grinder
  3863 | D:4      | Killed Grinder
  3863 | D:4      | Reached skill level 7 in Spellcasting
  3863 | D:4      | Reached skill level 5 in Conjurations
  3863 | D:4      | Reached XP level 8. HP: 42/42 MP: 6/20
  4110 | D:4      | Got a distressingly furry helmet
  4121 | D:4      | Identified the cursed +0 helmet of Donue {*Drain rElec rCorr Dex+3} (You took it off Robin on level 4 of the Dungeon)
  4152 | D:5      | Entered Level 5 of the Dungeon
  4357 | D:5      | Found a glowing drain.
  4361 | Sewer    | Entered a sewer
  5072 | Sewer    | Reached skill level 8 in Spellcasting
  5637 | D:5      | Found a shattered altar of Ashenzari.
  6323 | D:5      | You fall through a shaft for 3 floors!
  6323 | D:8      | Found a white marble altar of Elyvilon.
  6329 | D:8      | Gained mutation: You are agile. (Dex +2) [potion of mutation]
  6333 | D:8      | Noticed a hippogriff
  6363 | D:7      | Found a staircase to the Ecumenical Temple.
  6363 | D:7      | Noticed Menkaure
  6363 | D:7      | Noticed Brusher's ghost (novice OpFE)
  6486 | D:6      | Reached skill level 1 in Fighting
  6498 | D:6      | Reached skill level 1 in Hexes
  6877 | D:6      | Reached skill level 9 in Spellcasting
  6888 | D:6      | Reached XP level 9. HP: 47/47 MP: 10/24
  6967 | D:6      | Found a radiant altar of Vehumet.
  6975 | D:6      | Became a worshipper of Vehumet
  7042 | D:6      | Noticed a troll
  7052 | D:6      | Killed a troll
  7052 | D:6      | Reached skill level 1 in Short Blades
  7200 | D:6      | Found a bloodstained altar of Trog.
  7244 | D:6      | Reached skill level 10 in Spellcasting
  7569 | D:6      | Learned a level 5 spell: Fireball
  7585 | D:6      | Found an ancient bone altar of Kikubaaqudgha.
  8164 | D:7      | Killed Menkaure
  8200 | D:7      | Killed Brusher's ghost
  8222 | D:7      | Reached skill level 11 in Spellcasting
  8355 | D:7      | Noticed Pikel
  8469 | D:7      | Found Mikemmec's General Store.
  8510 | D:7      | Killed Pikel
  8510 | D:7      | Reached XP level 10. HP: 52/52 MP: 8/27
  8886 | D:7      | Reached * piety under Vehumet
  8886 | D:7      | Offered knowledge of Sting by Vehumet.
  9052 | D:7      | Noticed Joseph
  9056 | D:7      | Killed Joseph
  9461 | D:8      | Reached skill level 5 in Dodging
  9692 | D:8      | Reached skill level 12 in Spellcasting
  9844 | D:8      | Found a sparkling altar of Nemelex Xobeh.
 10424 | D:9      | Reached skill level 10 in Fire Magic
 10712 | D:9      | Reached skill level 5 in Stealth
 10733 | D:9      | Offered knowledge of Magic Dart by Vehumet.
 10836 | D:9      | Reached ** piety under Vehumet
 11001 | D:9      | Learned a level 5 spell: Alistair's Intoxication
 11094 | D:10     | Entered Level 10 of the Dungeon
 11104 | D:10     | Noticed a gargoyle
 11112 | D:10     | Killed a gargoyle
 11264 | D:10     | Reached skill level 1 in Transmutations
 11395 | D:10     | Found a staircase to the Lair.
 11428 | D:10     | Reached XP level 11. HP: 56/56 MP: 12/29
 11630 | D:10     | Noticed Maurice
 11743 | D:10     | Reached skill level 13 in Spellcasting
 11899 | D:10     | Found Hidyom's Antique Weapon Shoppe.
 11905 | D:10     | Bought a bloodstained quarterstaff for 261 gold pieces
 11905 | D:10     | Identified the +10 quarterstaff of the Doomed Warrior {crush, +Inv rC+ Int-4} (You bought it in a shop on level 10 of the Dungeon)
 12073 | D:10     | Noticed Sonja
 12170 | D:10     | Gained mutation: You are very agile. (Dex +4) [potion of beneficial mutation]
 12277 | D:10     | Killed Maurice
 12340 | D:10     | Killed Sonja
 12525 | Lair:1   | Entered Level 1 of the Lair of Beasts
 12620 | Lair:2   | Learned a level 3 spell: Stone Arrow
 12732 | Lair:2   | Found a staircase to the Shoals.
 12747 | Lair:2   | Offered knowledge of Ignite Poison by Vehumet.
 13139 | Lair:1   | Reached skill level 1 in Earth Magic
 13149 | Lair:1   | Reached *** piety under Vehumet
 13736 | Lair:1   | Reached skill level 14 in Spellcasting
 13783 | Lair:1   | Reached skill level 10 in Conjurations
 14108 | Lair:1   | Noticed a five-headed hydra
 14113 | Lair:1   | Killed a five-headed hydra
 14118 | Lair:1   | Reached skill level 5 in Transmutations
 14319 | Lair:2   | Reached XP level 12. HP: 62/62 MP: 23/32
 14449 | Lair:2   | Offered knowledge of Dazzling Spray by Vehumet.
 15563 | Lair:3   | Gained mutation: You are weak. (Str -2) [potion of mutation]
 15563 | Lair:3   | Gained mutation: Your magical capacity is low. (-10% MP) [potion of mutation]
 15563 | Lair:3   | Lost mutation: You are weak. (Str -2) [potion of mutation]
 15565 | Lair:3   | Lost mutation: Your mind is acute. (Int +2) [potion of cure mutation]
 15565 | Lair:3   | Lost mutation: Your system is resistant to poisons. (rPois) [potion of cure mutation]
 15565 | Lair:3   | Lost mutation: You are occasionally teleported next to monsters. [potion of cure mutation]
 15565 | Lair:3   | Lost mutation: You are very agile. (Dex +4) [potion of cure mutation]
 15565 | Lair:3   | Lost mutation: You are agile. (Dex +2) [potion of cure mutation]
 15565 | Lair:3   | Lost mutation: Your magical capacity is low. (-10% MP) [potion of cure mutation]
 15607 | Lair:3   | Gained mutation: You passively map a small area around you. [potion of mutation]
 15607 | Lair:3   | Gained mutation: Your flesh is heat resistant. (rF+) [potion of mutation]
 15607 | Lair:3   | Gained mutation: You regenerate slowly when monsters are visible. [potion of mutation]
 15686 | Lair:3   | Found a hole to the Spider Nest.
 16360 | Lair:4   | Noticed a five-headed hydra
 16365 | Lair:4   | Killed a five-headed hydra
 16902 | Lair:4   | Reached skill level 15 in Spellcasting
 16946 | Lair:4   | Reached skill level 5 in Earth Magic
 17086 | Lair:4   | HP: 2/62 [komodo dragon (30)]
 17623 | Lair:5   | Reached **** piety under Vehumet
 17818 | Lair:5   | Noticed Urug
 17823 | Lair:5   | Killed Urug
 18193 | Lair:5   | Noticed a death yak
 18199 | Lair:5   | Killed a death yak
 18283 | Lair:5   | Offered knowledge of Airstrike by Vehumet.
 18363 | Lair:5   | Noticed a seven-headed hydra
 18369 | Lair:5   | Reached XP level 13. HP: 66/66 MP: 22/34
 18534 | Lair:5   | You fall through a shaft!
 18534 | Lair:6   | Entered Level 6 of the Lair of Beasts
 19834 | Lair:6   | Found a staircase to the Slime Pits.
 19902 | Lair:6   | Reached ***** piety under Vehumet
 19902 | Lair:6   | Offered knowledge of Bolt of Cold by Vehumet.
 19902 | Lair:6   | Reached skill level 16 in Spellcasting
 20567 | Lair:6   | Got a crude robe
 20659 | Lair:6   | Reached skill level 1 in Throwing
 21153 | Lair:6   | Reached XP level 14. HP: 25/72 MP: 15/36
 21413 | Lair:6   | Reached skill level 1 in Evocations
 21508 | Lair:6   | Identified the +2 robe of the Loofah {rPois rC+ Dex+3 Stlth-} (You found it on level 6 of the Lair of Beasts)
 22138 | D:4      | Bought a metal-bound book for 270 gold pieces
 22404 | D:11     | Reached skill level 17 in Spellcasting
 23206 | D:11     | Found a staircase to the Orcish Mines.
 23356 | D:11     | Got a slimy leather armour
 23367 | D:11     | Identified the cursed +1 leather armour of Absence {+Blink Regen+} (You found it on level 11 of the Dungeon)
 23849 | Orc:1    | Entered Level 1 of the Orcish Mines
 23852 | Orc:1    | Noticed Fannar
 23861 | Orc:1    | Killed Fannar
 24075 | Orc:2    | Entered Level 2 of the Orcish Mines
 24075 | Orc:2    | Found a staircase to the Elven Halls.
 24487 | Orc:2    | Offered knowledge of Bolt of Fire by Vehumet.
 24562 | Lair:2   | Learned a level 6 spell: Bolt of Fire
 25278 | Orc:2    | Found a roughly hewn altar of Beogh.
 25627 | Orc:2    | Noticed an orc warlord
 25633 | Orc:2    | Killed an orc warlord
 26133 | Orc:2    | Found Pynoacli's General Store.
 26134 | Orc:2    | Found Ochiucer's Jewellery Emporium.
 26135 | Orc:2    | Found Syafuc's Antique Armour Emporium.
 26135 | Orc:2    | Found Fino's Antique Weapon Shoppe.
 26151 | Orc:2    | Bought an uncursed ring of fire for 400 gold pieces
 27075 | Orc:1    | Reached skill level 18 in Spellcasting
 27224 | D:12     | Offered knowledge of Bolt of Magma by Vehumet.
 28827 | Spider:1 | Entered Level 1 of the Spider Nest
 29125 | Spider:1 | Reached XP level 15. HP: 76/76 MP: 11/39
 30016 | Spider:1 | Offered knowledge of Conjure Ball Lightning by Vehumet.
 30625 | Spider:1 | Reached skill level 10 in Earth Magic
 32196 | Spider:2 | Reached skill level 1 in Shields
 32259 | Spider:1 | Offered knowledge of Ozocubu's Refrigeration by Vehumet.
 32542 | Spider:1 | Reached skill level 19 in Spellcasting
 33422 | Spider:3 | Reached skill level 15 in Conjurations
 35004 | Spider:4 | Entered Level 4 of the Spider Nest
 35258 | Spider:3 | Noticed a ghost moth
 35280 | Spider:2 | Killed a ghost moth
 35635 | Spider:4 | Reached ****** piety under Vehumet
 35641 | Spider:4 | Reached XP level 16. HP: 65/81 MP: 4/41
 36195 | Spider:4 | Offered knowledge of Freezing Cloud by Vehumet.
 36395 | Spider:4 | Reached skill level 5 in Evocations
 36710 | Spider:4 | Identified a scroll of acquirement
 36745 | Spider:4 | HP: 2/81 [wolf spider (14)]
 36745 | Spider:4 | Mangled by a wolf spider

Skill      XL: |  1  2  3  4  5  6  7  8  9 10 11 12 13 14 15 16 |
---------------+-------------------------------------------------+-----
Fire Magic     | 4 5 6 7 9 10 11 12 13 14 | 14.1
Dodging        | 3 4 5 6 |  6.7
Conjurations   | 2 3 4 5 6 7 9 10 11 13 14 15 | 15.2
Spellcasting   | 4 5 7 9 11 12 14 15 16 18 19 | 19.5
Stealth        | 3 4 5 6 |  6.1
Fighting       | 1 2 |  2.6
Hexes          | 1 2 3 4 |  4.1
Short Blades   | 1 2 |  2.2
Transmutations | 1 5 6 |  6.8
Earth Magic    | 2 5 7 9 10 | 10.9
Throwing       | 1 2 |  2.6
Evocations     | 1 4 5 |  5.1
Shields        | 1 |  1.4

Action                   |  1- 3 |  4- 6 |  7- 9 | 10-12 | 13-15 | 16-18 || total
-------------------------+-------+-------+-------+-------+-------+-------++-------
Melee: Quarterstaff      |       |     2 |     1 |       |       |       ||     3
       Short sword       |       |       |    25 |    41 |     1 |       ||    67
 Fire: Blowgun           |       |       |       |       |    14 |       ||    14
 Cast: Flame Tongue      |    61 |   125 |   236 |   158 |       |       ||   580
       Conjure Flame     |       |     2 |    16 |    15 |     9 |     2 ||    44
       Sticky Flame      |       |       |    12 |    33 |    59 |     3 ||   107
       Inner Flame       |       |       |    16 |    13 |    12 |       ||    41
       Fireball          |       |       |     7 |    67 |   270 |    11 ||   355
       Stone Arrow       |       |       |       |   160 |   401 |    29 ||   590
       Bolt of Fire      |       |       |       |       |    37 |     5 ||    42
 Abil: Evoke Flight      |       |       |       |       |     4 |       ||     4
       Stop Flying       |       |       |       |       |     1 |       ||     1
Evoke: Wand              |       |       |       |     2 |     3 |       ||     5
       Lamp of fire      |       |       |       |       |     1 |       ||     1
  Use: Scroll            |     4 |       |    13 |     7 |    15 |     1 ||    40
       Potion            |     1 |     1 |     1 |     8 |     4 |     3 ||    18
 Stab: Sleeping          |       |       |     2 |     4 |       |       ||     6
  Eat: Chunk             |       |     7 |    17 |    48 |    46 |     7 ||   125
       Fruit             |       |       |       |       |     1 |     2 ||     3
       Meat ration       |       |       |       |       |     1 |       ||     1
Armor: Robe              |     4 |    14 |    26 |    22 |    79 |    10 ||   155
Dodge: Dodged            |    13 |    57 |    67 |    77 |   240 |    34 ||   488
Block: Buckler           |       |       |       |       |    69 |    11 ||    80
